AoeStats
← AOKI_GworK

Arabian Desert

510277419Analyzed
1v1 RM · 1d ago on Sep 30, 2026· 44m 21s· 2 players
Game mode
Random Map
Map size
Tiny (2 player)
Population
200
Speed
Normal
Resources
Standard
Victory
Conquest
Starting age
Dark Age
Ending age
Imperial Age
RankedLock teamsTeams togetherTeam positionsShared explorationLock speedFull tech treeHidden civsTurbo modeCheats
Victory
Defeat
🇫🇷 Goths · France
2069
+9
🇫🇷 Danes · France
1901
-9
AOKI_GworK
6:31 Loom
9:20 Feudal Age
9:23 Man-at-Arms
11:20 Double-Bit Axe
14:10 Fletching
16:07 Padded Archer Armor
20:21 Wheelbarrow
23:27 Castle Age
21:57 Scale Barding Armor
22:56 Arson
23:12 Scale Mail Armor
24:33 Bow Saw
29:35 Squires
31:06 Chain Mail Armor
31:41 Gambesons
33:54 Forging
35:45 Horse Collar
38:05 Iron Casting
37:39 Town Watch
43:01 Heavy Plow
guimbo
6:11 Loom
6:13 Loom
9:15 Feudal Age
9:22 Man-at-Arms
9:55 Double-Bit Axe
15:05 Fletching
15:18 Padded Archer Armor
22:31 Scale Mail Armor
25:44 Castle Age
23:54 Horse Collar
26:29 Bodkin Arrow
25:57 Crossbowman
26:57 Bow Saw
27:40 Scale Barding Armor
29:10 Wheelbarrow
29:04 Gold Mining
29:46 Bloodlines
30:18 Stone Mining
31:26 Town Watch
40:02 Imperial Age
42:57 Imperial Age
40:47 Hand Cart
41:28 Murder Holes
43:43 Bracer
44:53 Chemistry
Connection lost

Rejoining the realm…

Still unreachable

The connection could not be restored.

Session expired

The server has moved on; the page needs a fresh start.